[ AOE2 MATCH · #458327737 ]
UnrankedBerbers vs Dravidians
[ REPLAY ANALYSIS · EXTRACTED FROM THE RECORDED GAME ]
Feudal
10:12
Castle
36:08
Imperial
44:43
| APM avg | 36.0 |
| APM peak | 81 |
| eAPM avg | 17.9 |
| Villagers / military | 73 / 85 |
Focus
⚔️ 44.0% · 🌾 56.0%
Scout Cavalry ×42 · Fishing Ship ×41 · Camel Scout ×40 · Trade Cog ×18 · Monk ×3
Feudal
9:01
Castle
19:25
Imperial
35:58
| APM avg | 70.5 |
| APM peak | 119 |
| eAPM avg | 24.0 |
| Villagers / military | 152 / 205 |
Focus
⚔️ 50.8% · 🌾 49.2%
Skirmisher ×92 · Hand Cannoneer ×73 · Archer ×15 · Bombard Cannon ×10 · Spearman ×7 · Fishing Ship ×6
Feudal
9:23
Castle
22:58
Imperial
35:33
| APM avg | 41.5 |
| APM peak | 100 |
| eAPM avg | 16.4 |
| Villagers / military | 130 / 196 |
Focus
⚔️ 34.8% · 🌾 65.2%
Archer ×189 · Trebuchet (Packed) ×6 · Armored Elephant ×1
Feudal
9:19
Castle
24:35
Imperial
41:32
| APM avg | 54.4 |
| APM peak | 92 |
| eAPM avg | 26.8 |
| Villagers / military | 172 / 313 |
Focus
⚔️ 51.3% · 🌾 48.7%
Skirmisher ×160 · Archer ×117 · Genitour ×29 · Spearman ×6 · Cavalry Archer ×1
Feudal
9:17
Castle
23:07
Imperial
38:35
| APM avg | 61.1 |
| APM peak | 121 |
| eAPM avg | 23.1 |
| Villagers / military | 143 / 263 |
Focus
⚔️ 45.5% · 🌾 54.5%
Archer ×185 · Militia ×73 · Trebuchet (Packed) ×5 · Trade Cart ×2
Feudal
11:10
Castle
21:06
Imperial
39:34
| APM avg | 52.8 |
| APM peak | 117 |
| eAPM avg | 27.3 |
| Villagers / military | 127 / 239 |
Focus
⚔️ 30.4% · 🌾 69.6%
Knight ×209 · Scout Cavalry ×20 · Fishing Ship ×14 · Mangonel ×5 · Unknown (2626) ×3 · Demolition Raft ×3
Match map
Initial resources + every placement click. Lines = walls · curves = elevation contours. ◆ gold · ⬟ stone · ● berries · ✦ relic · ◌ wall gap
Your base· Open — 4t gap
Snrcrackles's base· Open — unwalled flank
Clink's base· Open — unwalled flank
105er.Buttermilch's base· ✓ Closed at 24:35 · 3t walls · no gate
JustRightCereal's base· Open — unwalled flank
MOPPA BA (Hons)'s base· Open — unwalled flank
Smoothed initial terrain · ◌ = detected wall gap · hover for details
Inputs per minute
— 105er.DarkSheep - - Snrcrackles
Build order — 105er.DarkSheep
First 150 of 306 actions detected
| 0:01 | Create | Villager (Male) ×4 |
| 0:03 | Build | House |
| 0:06 | Build | House |
| 1:26 | Create | Villager (Male) |
| 2:05 | Create | Villager (Male) |
| 2:12 | Create | Villager (Male) |
| 2:43 | Create | Villager (Male) |
| 2:51 | Create | Villager (Male) |
| 3:02 | Build | Lumber Camp |
| 3:41 | Create | Villager (Male) |
| 3:41 | Create | Villager (Male) |
| 4:04 | Create | Villager (Male) |
| 4:15 | Build | House |
| 4:41 | Create | Villager (Male) |
| 4:50 | Build | House |
| 5:28 | Create | Villager (Male) |
| 5:45 | Create | Villager (Male) |
| 6:08 | Create | Villager (Male) |
| 6:42 | Create | Villager (Male) |
| 6:55 | Research | Loom |
| 7:31 | Build | Mill |
| 7:37 | Create | Villager (Male) |
| 8:01 | Research | Feudal Age |
| 8:27 | Build | Mining Camp |
| 8:36 | Build | Palisade Wall |
| 8:37 | Build | Palisade Wall |
| 9:40 | Build | Barracks |
| 9:49 | Create | Villager (Male) |
| 10:12 | Age | Feudal Age |
| 10:31 | Create | Villager (Male) |
| 10:43 | Build | Stable |
| 10:51 | Create | Villager (Male) |
| 10:57 | Build | House |
| 11:17 | Build | House |
| 11:24 | Create | Scout Cavalry |
| 11:24 | Create | Scout Cavalry |
| 11:24 | Create | Scout Cavalry |
| 11:35 | Create | Scout Cavalry |
| 11:40 | Build | Palisade Gate |
| 11:42 | Research | Double-Bit Axe |
| 11:49 | Research | Horse Collar |
| 11:56 | Build | Farm |
| 12:09 | Create | Scout Cavalry |
| 12:14 | Create | Villager (Male) |
| 12:14 | Create | Villager (Male) |
| 12:19 | Create | Scout Cavalry |
| 12:38 | Build | House |
| 12:42 | Build | Palisade Wall |
| 12:44 | Build | Farm |
| 12:49 | Create | Scout Cavalry |
| 12:55 | Build | Farm |
| 12:57 | Build | Farm |
| 12:58 | Build | Farm |
| 13:29 | Create | Villager (Male) |
| 13:33 | Build | Farm |
| 13:41 | Build | Lumber Camp |
| 13:48 | Create | Scout Cavalry |
| 13:51 | Build | Palisade Wall |
| 14:03 | Create | Villager (Male) |
| 14:24 | Create | Villager (Male) |
| 14:42 | Create | Scout Cavalry |
| 14:43 | Create | Villager (Male) |
| 14:48 | Build | Blacksmith |
| 15:07 | Create | Villager (Male) |
| 15:25 | Create | Scout Cavalry |
| 15:41 | Build | House |
| 15:42 | Build | Farm |
| 15:43 | Build | Farm |
| 15:50 | Create | Scout Cavalry |
| 16:14 | Create | Scout Cavalry |
| 16:21 | Build | Farm |
| 16:22 | Build | Farm |
| 16:25 | Build | Farm |
| 16:26 | Build | Farm |
| 16:29 | Build | Farm |
| 16:32 | Build | Farm |
| 16:34 | Create | Villager (Male) |
| 16:37 | Build | Farm |
| 16:46 | Create | Villager (Male) |
| 17:16 | Build | Farm |
| 17:16 | Build | Farm |
| 17:17 | Build | Farm |
| 17:40 | Research | Scale Barding Armor |
| 17:44 | Create | Villager (Male) |
| 18:04 | Create | Scout Cavalry |
| 18:18 | Create | Scout Cavalry |
| 18:34 | Create | Villager (Male) |
| 18:35 | Create | Villager (Male) |
| 18:51 | Build | Watch Tower |
| 18:54 | Create | Villager (Male) |
| 18:58 | Create | Scout Cavalry |
| 18:59 | Create | Villager (Male) |
| 19:22 | Build | Watch Tower |
| 19:28 | Create | Scout Cavalry |
| 19:30 | Create | Villager (Male) |
| 19:49 | Build | Palisade Wall |
| 19:50 | Build | Palisade Wall |
| 19:52 | Build | Palisade Wall |
| 20:15 | Create | Scout Cavalry |
| 20:25 | Build | House |
| 20:29 | Build | Farm |
| 20:33 | Build | Farm |
| 20:34 | Build | Farm |
| 20:36 | Create | Scout Cavalry |
| 20:37 | Create | Villager (Male) |
| 20:41 | Research | Forging |
| 20:48 | Create | Villager (Male) |
| 21:01 | Create | Scout Cavalry |
| 21:06 | Build | House |
| 21:08 | Build | Farm |
| 21:14 | Create | Villager (Male) |
| 21:34 | Create | Scout Cavalry |
| 21:39 | Create | Scout Cavalry |
| 21:44 | Create | Villager (Male) |
| 21:45 | Create | Villager (Male) |
| 21:50 | Build | Farm |
| 22:03 | Create | Scout Cavalry |
| 22:09 | Build | House |
| 22:28 | Build | House |
| 22:31 | Build | House |
| 22:33 | Build | House |
| 22:37 | Build | Palisade Wall |
| 22:59 | Build | Stable |
| 23:04 | Create | Scout Cavalry |
| 23:06 | Research | Bloodlines |
| 23:22 | Create | Villager (Male) |
| 23:35 | Research | Wheelbarrow |
| 24:09 | Create | Scout Cavalry |
| 24:09 | Create | Scout Cavalry |
| 24:41 | Create | Scout Cavalry |
| 25:36 | Build | Lumber Camp |
| 26:28 | Build | Lumber Camp |
| 26:38 | Build | Mining Camp |
| 28:08 | Build | Town Center |
| 29:28 | Build | Market |
| 29:30 | Create | Villager (Male) ×3 |
| 29:36 | Build | Farm |
| 29:37 | Build | Farm |
| 29:38 | Build | Farm |
| 29:39 | Build | Farm |
| 29:40 | Build | Farm |
| 29:40 | Build | Farm |
| 29:42 | Build | Farm |
| 30:19 | Build | Lumber Camp |
| 30:37 | Build | Mill |
| 30:51 | Create | Villager (Male) |
| 30:51 | Create | Villager (Male) |
| 31:20 | Build | Dock |
| 31:24 | Build | Dock |
| 31:37 | Create | Villager (Male) |
Build order — Snrcrackles
First 150 of 416 actions detected
| 0:01 | Create | Villager (Male) |
| 0:01 | Create | Villager (Male) |
| 0:02 | Create | Villager (Male) |
| 0:02 | Build | House |
| 0:03 | Build | House |
| 0:11 | Create | Villager (Male) |
| 1:32 | Create | Villager (Male) |
| 2:00 | Create | Villager (Male) |
| 2:19 | Create | Villager (Male) |
| 2:22 | Build | Lumber Camp |
| 2:52 | Create | Villager (Male) |
| 3:09 | Create | Villager (Male) |
| 3:45 | Create | Villager (Male) |
| 3:45 | Create | Villager (Male) |
| 3:54 | Build | House |
| 4:01 | Create | Villager (Male) |
| 4:41 | Create | Villager (Male) |
| 4:58 | Create | Villager (Male) |
| 5:28 | Create | Villager (Male) |
| 5:39 | Create | Villager (Male) |
| 6:05 | Build | Mining Camp |
| 6:16 | Research | Loom |
| 6:51 | Research | Feudal Age |
| 7:15 | Create | Villager (Male) |
| 7:48 | Build | Palisade Wall |
| 8:34 | Build | House |
| 9:01 | Age | Feudal Age |
| 9:08 | Build | Dock |
| 9:10 | Create | Villager (Male) |
| 9:19 | Build | Mill |
| 9:55 | Create | Villager (Male) |
| 9:55 | Create | Villager (Male) |
| 9:56 | Create | Villager (Male) |
| 10:03 | Build | Palisade Wall |
| 10:03 | Create | Demolition Raft |
| 10:11 | Create | Demolition Raft |
| 10:12 | Create | Demolition Raft |
| 10:15 | Build | House |
| 10:17 | Create | Villager (Male) |
| 10:27 | Create | Villager (Male) |
| 10:45 | Create | Fishing Ship |
| 10:45 | Create | Fishing Ship |
| 10:52 | Build | Palisade Wall |
| 11:06 | Build | Palisade Wall |
| 11:10 | Create | Villager (Male) |
| 11:15 | Create | Demolition Raft |
| 11:17 | Create | Fishing Ship |
| 11:23 | Build | House |
| 11:41 | Research | Horse Collar |
| 11:42 | Research | Double-Bit Axe |
| 11:58 | Build | House |
| 12:03 | Build | Farm |
| 12:06 | Create | Villager (Male) |
| 12:09 | Build | Farm |
| 12:11 | Build | Farm |
| 12:28 | Build | House |
| 12:35 | Create | Villager (Male) |
| 12:37 | Build | Farm |
| 12:40 | Build | Farm |
| 12:55 | Create | Villager (Male) |
| 12:59 | Create | Fishing Ship |
| 13:08 | Build | House |
| 13:20 | Create | Villager (Male) |
| 13:28 | Build | Farm |
| 13:42 | Build | Palisade Wall |
| 13:49 | Create | Villager (Male) |
| 14:09 | Create | Villager (Male) |
| 14:09 | Create | Villager (Male) |
| 14:26 | Create | Fishing Ship |
| 14:27 | Create | Fishing Ship |
| 14:52 | Build | Palisade Gate |
| 14:55 | Create | Villager (Male) |
| 14:55 | Create | Villager (Male) |
| 14:59 | Build | Farm |
| 15:00 | Build | Farm |
| 15:07 | Build | Farm |
| 15:36 | Build | House |
| 15:44 | Build | Blacksmith |
| 15:55 | Create | Villager (Male) |
| 16:04 | Build | Market |
| 16:21 | Build | House |
| 16:40 | Create | Fire Galley |
| 16:45 | Research | Castle Age |
| 16:48 | Build | House |
| 16:59 | Build | House |
| 17:20 | Build | Barracks |
| 17:48 | Build | House |
| 18:27 | Build | House |
| 18:29 | Build | House |
| 19:01 | Build | Archery Range |
| 19:03 | Build | Archery Range |
| 19:15 | Create | Villager (Male) |
| 19:25 | Age | Castle Age |
| 19:26 | Build | University |
| 19:52 | Build | House |
| 19:53 | Build | House |
| 19:56 | Build | House |
| 20:01 | Research | Careening |
| 20:02 | Research | Chemistry |
| 20:16 | Create | Villager (Male) ×5 |
| 20:36 | Create | Spearman |
| 20:37 | Create | Spearman |
| 20:46 | Build | Archery Range |
| 21:18 | Create | Villager (Male) |
| 21:18 | Create | Villager (Male) |
| 21:19 | Create | Spearman |
| 21:30 | Build | Archery Range |
| 21:39 | Create | Fire Galley |
| 21:39 | Create | Fire Galley |
| 21:54 | Create | Hand Cannoneer ×5 |
| 21:55 | Research | Padded Archer Armor |
| 22:19 | Create | Hand Cannoneer |
| 22:19 | Create | Hand Cannoneer |
| 22:31 | Build | Archery Range |
| 22:47 | Create | Hand Cannoneer |
| 22:48 | Create | Hand Cannoneer |
| 22:48 | Create | Hand Cannoneer |
| 22:50 | Create | Villager (Male) ×5 |
| 23:23 | Research | War Galley (upgrade) |
| 23:37 | Build | Town Center |
| 23:47 | Research | Leather Archer Armor |
| 24:12 | Create | Archer ×5 |
| 24:21 | Create | Archer |
| 24:21 | Create | Archer |
| 24:21 | Create | Hand Cannoneer |
| 24:30 | Create | Hand Cannoneer ×5 |
| 24:45 | Build | Town Center |
| 25:05 | Create | Spearman |
| 25:05 | Create | Spearman |
| 25:27 | Build | Monastery |
| 25:40 | Create | Hand Cannoneer |
| 25:40 | Create | Hand Cannoneer |
| 25:40 | Create | Hand Cannoneer |
| 25:40 | Create | Hand Cannoneer |
| 25:41 | Create | Hand Cannoneer |
| 25:43 | Create | Villager (Male) ×4 |
| 26:07 | Create | Villager (Male) |
| 26:08 | Create | Villager (Male) |
| 26:12 | Build | Farm |
| 26:13 | Build | Farm |
| 26:14 | Build | Farm |
| 26:16 | Build | Farm |
| 26:18 | Build | Farm |
| 26:25 | Create | Villager (Male) |
| 27:02 | Research | Wheelbarrow |
| 27:03 | Create | Villager (Male) |
| 27:16 | Create | Villager (Male) |
| 27:19 | Build | Farm |
| 27:28 | Build | Palisade Wall |
| 27:33 | Create | Villager (Male) ×3 |
Build order — Clink
First 150 of 384 actions detected
| 0:01 | Create | Villager (Male) |
| 0:01 | Create | Villager (Male) |
| 0:02 | Build | House |
| 0:03 | Build | House |
| 0:50 | Create | Villager (Male) |
| 0:50 | Create | Villager (Male) |
| 1:37 | Create | Villager (Male) |
| 1:45 | Build | Lumber Camp |
| 2:08 | Create | Villager (Male) |
| 2:09 | Create | Villager (Male) |
| 2:36 | Create | Villager (Male) |
| 2:36 | Create | Villager (Male) |
| 3:00 | Create | Villager (Male) |
| 3:28 | Create | Villager (Male) |
| 3:48 | Create | Villager (Male) |
| 4:03 | Build | House |
| 4:14 | Create | Villager (Male) |
| 4:33 | Build | Mill |
| 4:40 | Create | Villager (Male) |
| 4:40 | Create | Villager (Male) |
| 5:03 | Create | Villager (Male) |
| 5:04 | Create | Villager (Male) |
| 5:04 | Create | Villager (Male) |
| 6:18 | Create | Villager (Male) |
| 6:39 | Research | Loom |
| 7:07 | Research | Feudal Age |
| 7:35 | Build | Mining Camp |
| 7:39 | Build | House |
| 8:26 | Build | Barracks |
| 9:08 | Create | Villager (Male) |
| 9:23 | Age | Feudal Age |
| 9:28 | Build | Archery Range |
| 9:32 | Build | Archery Range |
| 9:41 | Create | Villager (Male) |
| 9:43 | Build | Blacksmith |
| 9:53 | Research | Double-Bit Axe |
| 10:20 | Build | Palisade Wall |
| 10:24 | Create | Villager (Male) |
| 10:43 | Create | Villager (Male) |
| 10:52 | Create | Villager (Male) |
| 10:55 | Build | House |
| 11:02 | Create | Archer |
| 11:02 | Create | Archer |
| 11:12 | Create | Villager (Male) |
| 11:25 | Create | Archer |
| 11:25 | Create | Archer |
| 11:33 | Build | House |
| 11:49 | Build | Palisade Wall |
| 12:03 | Create | Archer |
| 12:04 | Create | Archer |
| 12:07 | Create | Villager (Male) |
| 12:36 | Build | House |
| 12:46 | Create | Villager (Male) |
| 12:53 | Create | Villager (Male) |
| 12:55 | Create | Archer |
| 12:55 | Create | Archer |
| 13:02 | Build | House |
| 13:11 | Create | Archer |
| 13:11 | Create | Archer |
| 13:34 | Build | House |
| 13:41 | Research | Fletching |
| 13:51 | Create | Villager (Male) |
| 13:56 | Create | Archer |
| 14:13 | Create | Villager (Male) |
| 14:22 | Create | Archer |
| 14:27 | Build | Farm |
| 14:29 | Build | Farm |
| 14:29 | Build | Farm |
| 14:30 | Build | Farm |
| 14:31 | Build | Farm |
| 14:32 | Create | Villager (Male) |
| 14:34 | Create | Archer |
| 14:34 | Create | Archer |
| 14:55 | Create | Archer |
| 15:11 | Create | Villager (Male) |
| 15:11 | Create | Villager (Male) |
| 15:42 | Create | Archer |
| 15:42 | Create | Archer |
| 15:58 | Create | Villager (Male) |
| 15:58 | Create | Villager (Male) |
| 16:01 | Create | Archer |
| 16:01 | Create | Archer |
| 16:15 | Build | House |
| 16:16 | Build | Farm |
| 16:18 | Build | Farm |
| 16:19 | Build | Farm |
| 16:20 | Build | Farm |
| 16:21 | Build | Farm |
| 16:27 | Build | Farm |
| 16:28 | Build | Farm |
| 16:29 | Build | Farm |
| 16:38 | Build | Farm |
| 16:44 | Create | Archer |
| 16:45 | Create | Archer |
| 17:06 | Create | Villager (Male) |
| 17:06 | Create | Villager (Male) |
| 17:16 | Create | Archer |
| 17:17 | Create | Archer |
| 17:24 | Build | Farm |
| 18:10 | Create | Archer |
| 18:10 | Create | Archer |
| 18:10 | Create | Archer |
| 18:15 | Create | Villager (Male) |
| 18:15 | Create | Villager (Male) |
| 18:22 | Create | Villager (Male) |
| 18:22 | Create | Villager (Male) |
| 18:26 | Build | Farm |
| 18:27 | Build | Farm |
| 18:30 | Build | Farm |
| 18:43 | Create | Archer |
| 18:43 | Create | Archer |
| 19:15 | Create | Archer |
| 19:16 | Create | Archer |
| 19:29 | Create | Villager (Male) |
| 19:47 | Create | Villager (Male) |
| 19:49 | Create | Archer |
| 19:49 | Create | Archer |
| 20:18 | Research | Castle Age |
| 20:34 | Create | Villager (Male) |
| 20:39 | Research | Horse Collar |
| 20:49 | Research | Padded Archer Armor |
| 21:12 | Create | Villager (Male) |
| 21:14 | Create | Archer |
| 21:48 | Create | Archer |
| 21:48 | Create | Archer |
| 22:13 | Create | Archer |
| 22:13 | Create | Archer |
| 22:44 | Build | House |
| 22:45 | Build | House |
| 22:45 | Build | House |
| 22:58 | Age | Castle Age |
| 23:01 | Research | Crossbowman (upgrade) |
| 23:07 | Research | Bow Saw |
| 23:11 | Build | Town Center |
| 23:24 | Build | Town Center |
| 23:29 | Create | Villager (Male) |
| 23:36 | Research | Bodkin Arrow |
| 23:44 | Create | Archer |
| 23:46 | Create | Villager (Male) |
| 23:46 | Create | Villager (Male) |
| 24:01 | Create | Archer |
| 24:17 | Create | Villager (Male) |
| 24:17 | Create | Villager (Male) |
| 24:17 | Create | Villager (Male) |
| 24:30 | Create | Villager (Male) |
| 24:30 | Create | Villager (Male) |
| 24:31 | Create | Villager (Male) |
| 24:48 | Build | Farm |
| 24:50 | Build | Farm |
| 25:06 | Create | Villager (Male) |
Build order — 105er.Buttermilch
First 150 of 592 actions detected
| 0:02 | Create | Villager (Male) |
| 0:03 | Build | House |
| 0:05 | Build | House |
| 0:05 | Create | Villager (Male) |
| 0:05 | Create | Villager (Male) |
| 0:09 | Create | Villager (Male) |
| 1:13 | Create | Villager (Male) |
| 1:46 | Build | Lumber Camp |
| 2:05 | Create | Villager (Male) |
| 2:19 | Create | Villager (Male) |
| 2:52 | Create | Villager (Male) |
| 3:25 | Build | House |
| 3:36 | Create | Villager (Male) |
| 3:44 | Create | Villager (Male) |
| 4:19 | Create | Villager (Male) |
| 4:21 | Create | Villager (Male) |
| 5:07 | Build | Barracks |
| 5:28 | Create | Villager (Male) |
| 5:31 | Create | Villager (Male) |
| 5:50 | Create | Villager (Male) |
| 6:18 | Build | House |
| 6:23 | Research | Loom |
| 7:03 | Research | Feudal Age |
| 7:27 | Build | Mining Camp |
| 8:34 | Create | Villager (Male) |
| 8:52 | Create | Villager (Male) |
| 9:19 | Age | Feudal Age |
| 9:22 | Build | Archery Range |
| 9:25 | Build | Archery Range |
| 9:35 | Research | Double-Bit Axe |
| 9:56 | Create | Villager (Male) |
| 10:11 | Create | Villager (Male) |
| 10:18 | Build | Blacksmith |
| 10:21 | Create | Villager (Male) |
| 10:40 | Create | Archer |
| 10:41 | Create | Archer |
| 10:49 | Create | Archer |
| 10:52 | Create | Villager (Male) |
| 10:56 | Build | House |
| 10:57 | Build | House |
| 11:06 | Research | Fletching |
| 11:07 | Create | Archer |
| 11:19 | Create | Villager (Male) |
| 11:22 | Build | House |
| 11:30 | Create | Archer |
| 11:42 | Create | Villager (Male) |
| 11:47 | Create | Archer |
| 12:17 | Create | Villager (Male) |
| 12:23 | Create | Villager (Male) |
| 12:26 | Create | Archer |
| 12:32 | Build | House |
| 12:33 | Build | House |
| 12:38 | Build | Mill |
| 12:41 | Create | Archer |
| 12:50 | Create | Archer |
| 13:02 | Create | Villager (Male) |
| 13:15 | Create | Archer |
| 13:28 | Create | Archer |
| 13:44 | Create | Villager (Male) |
| 13:44 | Create | Archer |
| 13:49 | Create | Villager (Male) |
| 13:58 | Create | Villager (Male) |
| 14:13 | Research | Town Watch |
| 14:15 | Build | Outpost |
| 14:16 | Build | Outpost |
| 14:23 | Create | Villager (Male) |
| 14:24 | Create | Archer |
| 14:25 | Create | Archer |
| 14:35 | Build | Farm |
| 14:36 | Build | Farm |
| 14:41 | Create | Archer |
| 14:44 | Create | Archer |
| 14:55 | Build | Farm |
| 14:56 | Build | Farm |
| 15:48 | Create | Archer |
| 15:48 | Create | Archer |
| 16:04 | Create | Archer |
| 16:04 | Create | Archer |
| 16:05 | Create | Villager (Male) |
| 16:06 | Create | Villager (Male) |
| 16:06 | Create | Villager (Male) |
| 16:06 | Create | Villager (Male) |
| 16:11 | Build | Farm |
| 16:11 | Build | Farm |
| 16:11 | Build | Farm |
| 16:11 | Build | Farm |
| 16:16 | Research | Padded Archer Armor |
| 16:25 | Build | Outpost |
| 16:41 | Create | Archer |
| 16:49 | Create | Villager (Male) |
| 16:52 | Build | House |
| 16:53 | Build | House |
| 16:56 | Build | Palisade Wall |
| 17:05 | Create | Archer |
| 17:06 | Create | Archer |
| 17:07 | Create | Villager (Male) |
| 17:20 | Create | Villager (Male) |
| 18:14 | Create | Archer |
| 18:15 | Create | Archer |
| 18:16 | Create | Archer |
| 18:21 | Create | Archer |
| 18:29 | Create | Archer |
| 18:31 | Create | Villager (Male) |
| 18:33 | Build | Archery Range |
| 19:06 | Create | Archer |
| 19:06 | Create | Archer |
| 19:07 | Create | Villager (Male) |
| 19:07 | Create | Villager (Male) |
| 19:17 | Build | Palisade Wall |
| 19:18 | Build | Palisade Wall |
| 19:24 | Build | House |
| 19:29 | Build | House |
| 19:31 | Build | House |
| 19:35 | Build | House |
| 19:35 | Build | House |
| 19:37 | Create | Archer |
| 19:37 | Create | Archer |
| 19:40 | Research | Gold Mining |
| 19:41 | Create | Villager (Male) |
| 19:43 | Create | Archer |
| 19:43 | Create | Archer |
| 19:53 | Create | Archer |
| 20:02 | Create | Villager (Male) |
| 20:13 | Build | Lumber Camp |
| 20:28 | Create | Archer |
| 20:36 | Create | Archer |
| 20:40 | Create | Villager (Male) |
| 20:40 | Create | Spearman |
| 20:42 | Create | Spearman |
| 20:46 | Create | Villager (Male) |
| 20:48 | Build | House |
| 20:49 | Build | House |
| 20:54 | Create | Archer |
| 20:55 | Create | Villager (Male) |
| 21:45 | Create | Villager (Male) |
| 21:51 | Research | Castle Age |
| 21:56 | Build | Archery Range |
| 22:01 | Create | Archer |
| 22:02 | Create | Archer |
| 22:22 | Create | Archer |
| 22:23 | Create | Villager (Male) |
| 22:24 | Create | Villager (Male) |
| 22:26 | Build | House |
| 22:27 | Build | House |
| 22:32 | Build | Mining Camp |
| 22:35 | Build | Mining Camp |
| 22:37 | Create | Archer |
| 22:47 | Create | Archer |
| 22:54 | Build | Mining Camp |
| 23:00 | Build | Outpost |
Build order — JustRightCereal
First 150 of 603 actions detected
| 0:02 | Create | Villager (Male) |
| 0:02 | Create | Villager (Male) |
| 0:02 | Create | Villager (Male) |
| 0:02 | Create | Villager (Male) |
| 0:03 | Build | House |
| 0:04 | Build | House |
| 1:19 | Create | Villager (Male) |
| 1:46 | Create | Villager (Male) |
| 2:00 | Create | Villager (Male) |
| 2:16 | Build | Lumber Camp |
| 2:26 | Create | Villager (Male) |
| 2:38 | Create | Villager (Male) |
| 3:03 | Create | Villager (Male) |
| 3:19 | Create | Villager (Male) |
| 3:40 | Create | Villager (Male) |
| 3:51 | Build | House |
| 3:52 | Build | House |
| 4:47 | Create | Villager (Male) |
| 5:05 | Create | Villager (Male) |
| 5:11 | Create | Villager (Male) |
| 5:14 | Build | Mill |
| 5:16 | Create | Villager (Male) |
| 5:16 | Create | Villager (Male) |
| 5:51 | Research | Loom |
| 6:59 | Research | Feudal Age |
| 7:33 | Build | Barracks |
| 8:19 | Build | House |
| 8:24 | Build | Mining Camp |
| 9:17 | Age | Feudal Age |
| 9:18 | Build | Archery Range |
| 9:22 | Create | Villager (Male) |
| 9:22 | Create | Villager (Male) |
| 9:42 | Build | Archery Range |
| 9:44 | Build | Palisade Wall |
| 9:48 | Create | Villager (Male) |
| 9:55 | Create | Villager (Male) |
| 10:00 | Research | Double-Bit Axe |
| 10:09 | Create | Archer |
| 10:37 | Create | Archer |
| 10:46 | Create | Villager (Male) |
| 10:46 | Create | Villager (Male) |
| 10:50 | Create | Villager (Male) |
| 10:52 | Create | Villager (Male) |
| 11:22 | Create | Archer |
| 11:22 | Create | Archer |
| 11:26 | Build | Blacksmith |
| 11:28 | Build | House |
| 11:29 | Build | House |
| 11:36 | Create | Villager (Male) |
| 11:36 | Create | Villager (Male) |
| 11:38 | Create | Archer |
| 11:39 | Create | Archer |
| 12:07 | Create | Archer |
| 12:07 | Create | Archer |
| 12:19 | Create | Villager (Male) |
| 12:19 | Create | Villager (Male) |
| 12:20 | Create | Villager (Male) |
| 12:30 | Create | Archer |
| 12:47 | Research | Fletching |
| 12:47 | Research | Fletching |
| 12:54 | Build | Palisade Wall |
| 12:54 | Create | Villager (Male) |
| 13:28 | Create | Archer |
| 13:28 | Create | Archer |
| 13:29 | Create | Villager (Male) |
| 13:30 | Create | Villager (Male) |
| 13:32 | Create | Villager (Male) |
| 13:32 | Create | Villager (Male) |
| 13:39 | Build | Farm |
| 13:40 | Build | Farm |
| 13:41 | Build | Farm |
| 13:43 | Create | Archer |
| 13:48 | Build | Farm |
| 13:50 | Build | Farm |
| 13:54 | Create | Villager (Male) |
| 13:54 | Create | Villager (Male) |
| 13:57 | Create | Archer |
| 14:08 | Build | House |
| 14:12 | Create | Archer |
| 14:12 | Create | Archer |
| 14:15 | Research | Padded Archer Armor |
| 14:15 | Research | Padded Archer Armor |
| 14:21 | Create | Villager (Male) |
| 14:30 | Create | Archer |
| 14:42 | Create | Archer |
| 14:59 | Create | Villager (Male) |
| 15:01 | Create | Villager (Male) |
| 15:14 | Create | Archer |
| 15:14 | Create | Archer |
| 15:51 | Create | Archer |
| 15:52 | Create | Archer |
| 15:52 | Create | Archer |
| 16:06 | Create | Archer |
| 16:07 | Create | Archer |
| 16:07 | Create | Villager (Male) |
| 16:07 | Create | Villager (Male) |
| 16:08 | Create | Villager (Male) |
| 16:08 | Create | Villager (Male) |
| 16:16 | Build | Farm |
| 16:17 | Build | Farm |
| 16:18 | Build | Farm |
| 16:23 | Build | Lumber Camp |
| 16:25 | Create | Villager (Male) |
| 16:29 | Create | Archer |
| 16:35 | Create | Archer |
| 16:43 | Build | Farm |
| 16:45 | Build | Farm |
| 17:02 | Create | Villager (Male) |
| 17:02 | Create | Archer |
| 17:04 | Build | House |
| 17:04 | Build | House |
| 17:11 | Create | Archer |
| 17:47 | Create | Archer |
| 17:47 | Create | Archer |
| 17:48 | Create | Villager (Male) |
| 18:03 | Create | Villager (Male) |
| 18:03 | Create | Archer |
| 18:04 | Create | Archer |
| 18:15 | Create | Villager (Male) |
| 18:18 | Build | Market |
| 18:22 | Build | Farm |
| 18:23 | Build | Farm |
| 18:24 | Create | Archer |
| 18:24 | Create | Archer |
| 19:34 | Build | House |
| 19:34 | Build | House |
| 19:36 | Build | House |
| 19:37 | Build | House |
| 19:39 | Create | Villager (Male) |
| 20:00 | Build | Farm |
| 20:01 | Build | Farm |
| 20:18 | Research | Castle Age |
| 20:32 | Build | Archery Range |
| 20:41 | Create | Archer |
| 20:43 | Create | Archer |
| 21:08 | Create | Archer |
| 21:09 | Create | Archer |
| 21:15 | Research | Horse Collar |
| 21:47 | Create | Archer |
| 21:48 | Create | Archer |
| 21:49 | Create | Villager (Male) |
| 21:58 | Build | Lumber Camp |
| 22:01 | Create | Archer |
| 22:28 | Create | Archer |
| 23:02 | Create | Archer |
| 23:02 | Create | Archer |
| 23:07 | Age | Castle Age |
| 23:08 | Research | Bodkin Arrow |
| 23:09 | Research | Crossbowman (upgrade) |
| 23:09 | Research | Crossbowman (upgrade) |
Build order — MOPPA BA (Hons)
First 150 of 455 actions detected
| 0:01 | Create | Villager (Male) |
| 0:01 | Create | Villager (Male) |
| 0:03 | Build | House |
| 0:05 | Build | House |
| 0:29 | Create | Villager (Male) |
| 0:29 | Create | Villager (Male) |
| 1:23 | Create | Villager (Male) |
| 2:12 | Create | Villager (Male) |
| 2:12 | Create | Villager (Male) |
| 2:20 | Create | Villager (Male) |
| 2:49 | Build | Dock |
| 2:51 | Create | Villager (Male) |
| 3:08 | Create | Villager (Male) |
| 4:07 | Create | Villager (Male) |
| 4:40 | Create | Villager (Male) |
| 4:41 | Create | Villager (Male) |
| 5:01 | Build | Lumber Camp |
| 5:18 | Create | Transport Ship |
| 5:29 | Create | Villager (Male) |
| 5:41 | Create | Villager (Male) |
| 6:12 | Create | Villager (Male) |
| 6:13 | Create | Villager (Male) |
| 7:02 | Create | Fishing Ship |
| 7:02 | Create | Fishing Ship |
| 7:09 | Build | House |
| 7:13 | Build | House |
| 7:34 | Create | Villager (Male) |
| 7:34 | Create | Villager (Male) |
| 8:09 | Create | Fishing Ship |
| 8:35 | Create | Villager (Male) |
| 8:36 | Create | Villager (Male) |
| 8:52 | Build | Mill |
| 8:55 | Research | Feudal Age |
| 9:08 | Create | Villager (Male) |
| 9:23 | Create | Fishing Ship |
| 9:41 | Build | House |
| 10:14 | Build | Farm |
| 10:59 | Create | Villager (Male) |
| 11:10 | Build | Barracks |
| 11:10 | Age | Feudal Age |
| 11:18 | Research | Double-Bit Axe |
| 11:26 | Create | Villager (Male) |
| 11:46 | Create | Villager (Male) |
| 11:46 | Create | Villager (Male) |
| 11:58 | Create | Villager (Male) |
| 12:11 | Create | Demolition Raft |
| 12:16 | Create | Fishing Ship |
| 12:23 | Build | House |
| 12:29 | Build | Farm |
| 12:36 | Create | Villager (Male) |
| 13:26 | Build | Stable |
| 13:48 | Create | Villager (Male) |
| 13:59 | Create | Villager (Male) |
| 14:08 | Create | Fire Galley |
| 14:17 | Build | Blacksmith |
| 14:18 | Create | Scout Cavalry |
| 14:19 | Create | Scout Cavalry |
| 14:22 | Create | Scout Cavalry |
| 14:23 | Create | Scout Cavalry |
| 14:56 | Create | Scout Cavalry |
| 14:56 | Create | Scout Cavalry |
| 15:00 | Research | Scale Barding Armor |
| 15:03 | Research | Loom |
| 15:05 | Create | Villager (Male) |
| 15:26 | Build | House |
| 15:27 | Build | House |
| 15:31 | Build | House |
| 15:41 | Create | Villager (Male) |
| 15:46 | Create | Scout Cavalry |
| 16:19 | Create | Villager (Male) |
| 16:24 | Build | Mining Camp |
| 16:31 | Create | Villager (Male) |
| 16:43 | Build | Stable |
| 16:48 | Build | Farm |
| 16:48 | Build | Farm |
| 16:49 | Build | Farm |
| 16:49 | Build | Farm |
| 16:49 | Build | Farm |
| 16:49 | Build | Farm |
| 16:53 | Create | Villager (Male) |
| 17:13 | Create | Scout Cavalry |
| 17:26 | Build | Market |
| 18:26 | Research | Castle Age |
| 18:42 | Create | Villager (Male) |
| 18:55 | Build | Farm |
| 19:00 | Research | Bloodlines |
| 19:30 | Create | Villager (Male) |
| 19:31 | Create | Villager (Male) |
| 19:38 | Build | House |
| 19:44 | Build | Palisade Wall |
| 19:49 | Create | Villager (Male) |
| 20:07 | Create | Villager (Male) |
| 20:10 | Create | Demolition Raft |
| 20:10 | Create | Demolition Raft |
| 20:14 | Create | Fishing Ship |
| 20:14 | Create | Fishing Ship |
| 20:30 | Build | Dock |
| 20:32 | Create | Villager (Male) |
| 20:36 | Create | Scout Cavalry |
| 20:37 | Create | Scout Cavalry |
| 20:56 | Research | Wheelbarrow |
| 21:06 | Age | Castle Age |
| 21:07 | Create | Knight |
| 21:07 | Create | Knight |
| 21:08 | Create | Knight |
| 21:08 | Create | Knight |
| 21:17 | Research | Forging |
| 21:54 | Create | Unit 2626 |
| 21:55 | Create | Villager (Male) |
| 21:58 | Create | Knight |
| 21:59 | Create | Knight |
| 21:59 | Create | Knight |
| 22:42 | Create | Villager (Male) |
| 23:28 | Build | Town Center |
| 23:38 | Create | Villager (Male) |
| 23:47 | Research | Chain Barding Armor |
| 24:05 | Create | Villager (Male) |
| 24:31 | Create | Villager (Male) |
| 24:32 | Create | Villager (Male) |
| 24:59 | Create | Knight |
| 24:59 | Create | Knight |
| 25:00 | Create | Knight |
| 25:00 | Create | Knight |
| 25:14 | Create | Unit 2626 |
| 25:22 | Create | Unit 2626 |
| 25:39 | Research | War Galley (upgrade) |
| 25:42 | Build | House |
| 25:42 | Build | House |
| 25:42 | Build | House |
| 25:46 | Build | Farm |
| 25:47 | Build | Farm |
| 25:47 | Build | Farm |
| 25:47 | Build | Farm |
| 25:47 | Build | Farm |
| 25:47 | Build | Farm |
| 25:48 | Build | Farm |
| 25:48 | Build | Farm |
| 25:53 | Build | Farm |
| 25:53 | Build | Farm |
| 25:53 | Build | Farm |
| 25:55 | Research | Horse Collar |
| 26:00 | Create | Villager (Male) |
| 26:01 | Create | Villager (Male) |
| 26:02 | Research | Gold Mining |
| 26:05 | Create | Knight |
| 26:13 | Build | Stable |
| 26:43 | Create | Villager (Male) |
| 26:43 | Create | Villager (Male) |
| 26:46 | Build | Farm |
| 26:46 | Build | Farm |
Match timeline
| 2:49 | MOPPA BA (Hons) · first_building Dock |
| 5:07 | 105er.Buttermilch · first_building Barracks |
| 7:33 | JustRightCereal · first_building Barracks |
| 7:48 | Snrcrackles · wall_segment Palisade Wall x12 |
| 8:26 | Clink · first_building Barracks |
| 8:36 | 105er.DarkSheep · wall_segment Palisade Wall x1 |
| 8:37 | 105er.DarkSheep · wall_segment Palisade Wall x1 |
| 9:01 | Snrcrackles · age_up feudal |
| 9:08 | Snrcrackles · first_building Dock |
| 9:17 | JustRightCereal · age_up feudal |
| 9:18 | JustRightCereal · first_building Archery Range |
| 9:19 | 105er.Buttermilch · age_up feudal |
| 9:22 | 105er.Buttermilch · first_building Archery Range |
| 9:23 | Clink · age_up feudal |
| 9:28 | Clink · first_building Archery Range |
| 9:40 | 105er.DarkSheep · first_building Barracks |
| 9:44 | JustRightCereal · wall_segment Palisade Wall x4 |
| 10:03 | Snrcrackles · wall_segment Palisade Wall x7 |
| 10:12 | 105er.DarkSheep · age_up feudal |
| 10:20 | Clink · wall_segment Palisade Wall x1 |
| 10:43 | 105er.DarkSheep · first_building Stable |
| 10:52 | Snrcrackles · wall_segment Palisade Wall x13 |
| 11:06 | Snrcrackles · wall_segment Palisade Wall x9 |
| 11:10 | MOPPA BA (Hons) · first_building Barracks |
| 11:10 | MOPPA BA (Hons) · age_up feudal |
| 11:49 | Clink · wall_segment Palisade Wall x8 |
| 12:42 | 105er.DarkSheep · wall_segment Palisade Wall x4 |
| 12:54 | JustRightCereal · wall_segment Palisade Wall x14 |
| 13:26 | MOPPA BA (Hons) · first_building Stable |
| 13:42 | Snrcrackles · wall_segment Palisade Wall x5 |
| 13:51 | 105er.DarkSheep · wall_segment Palisade Wall x5 |
| 16:56 | 105er.Buttermilch · wall_segment Palisade Wall x1 |
| 17:20 | Snrcrackles · first_building Barracks |
| 18:22 | MOPPA BA (Hons) · first_market_sell 100 food |
| 19:01 | Snrcrackles · first_building Archery Range |
| 19:17 | 105er.Buttermilch · wall_segment Palisade Wall x1 |
| 19:18 | 105er.Buttermilch · wall_segment Palisade Wall x1 |
| 19:25 | Snrcrackles · age_up castle |
| 19:41 | JustRightCereal · first_market_sell 100 wood |
| 19:43 | JustRightCereal · first_market_buy 100 food |
| 19:44 | MOPPA BA (Hons) · wall_segment Palisade Wall x1 |
| 19:49 | 105er.DarkSheep · wall_segment Palisade Wall x1 |
| 19:50 | 105er.DarkSheep · wall_segment Palisade Wall x1 |
| 19:52 | 105er.DarkSheep · wall_segment Palisade Wall x1 |
| 21:06 | MOPPA BA (Hons) · age_up castle |
| 22:37 | 105er.DarkSheep · wall_segment Palisade Wall x1 |
| 22:58 | Clink · age_up castle |
| 23:07 | JustRightCereal · age_up castle |
| 24:35 | 105er.Buttermilch · age_up castle |
| 25:27 | Snrcrackles · first_building Monastery |
| 27:28 | Snrcrackles · wall_segment Palisade Wall x3 |
| 29:34 | MOPPA BA (Hons) · wall_segment Palisade Wall x1 |
| 29:39 | MOPPA BA (Hons) · wall_segment Palisade Wall x5 |
| 29:40 | MOPPA BA (Hons) · wall_segment Palisade Wall x10 |
| 29:41 | MOPPA BA (Hons) · wall_segment Palisade Wall x7 |
| 29:55 | 105er.Buttermilch · first_building Siege Workshop |
| 31:20 | 105er.DarkSheep · first_building Dock |
| 31:50 | Clink · first_building Monastery |
| 31:56 | Snrcrackles · first_market_sell 500 wood |
| 31:57 | MOPPA BA (Hons) · first_building Siege Workshop |
| 32:15 | Clink · first_market_sell 100 food |
| 32:34 | 105er.DarkSheep · first_market_buy 100 food |
| 33:11 | JustRightCereal · first_building Castle |
| 34:05 | Snrcrackles · first_building Castle |
| 35:05 | 105er.DarkSheep · first_market_sell 100 food |
| 35:33 | Clink · age_up imperial |
| 35:41 | Snrcrackles · first_building Siege Workshop |
| 35:47 | MOPPA BA (Hons) · first_building Monastery |
| 35:55 | Clink · first_building Siege Workshop |
| 35:58 | Snrcrackles · age_up imperial |
| 36:02 | 105er.Buttermilch · first_market_buy 100 stone |
| 36:08 | 105er.DarkSheep · age_up castle |
| 36:13 | 105er.DarkSheep · first_building Monastery |
| 36:47 | MOPPA BA (Hons) · first_market_buy 100 wood |
| 36:54 | Clink · first_building Castle |
| 37:34 | JustRightCereal · tribute_sent a jugador 1 |
| 37:34 | JustRightCereal · tribute_sent a jugador 2 |
| 37:34 | JustRightCereal · tribute_sent a jugador 3 |
| 37:34 | JustRightCereal · tribute_sent a jugador 5 |
| 37:34 | JustRightCereal · tribute_sent a jugador 6 |
| 37:36 | Clink · tribute_sent a jugador 1 |
| 37:36 | Clink · tribute_sent a jugador 3 |
| 37:36 | Clink · tribute_sent a jugador 4 |
| 37:36 | Clink · tribute_sent a jugador 5 |
| 37:36 | Clink · tribute_sent a jugador 6 |
| 37:50 | 105er.Buttermilch · first_building Monastery |
| 38:35 | JustRightCereal · age_up imperial |
| 39:34 | MOPPA BA (Hons) · age_up imperial |
| 39:49 | Snrcrackles · first_market_buy 100 wood |
| 40:20 | Clink · first_market_buy 100 wood |
| 41:32 | 105er.Buttermilch · age_up imperial |
| 43:26 | 105er.DarkSheep · wall_segment Stone Wall x1 |
| 43:29 | 105er.DarkSheep · wall_segment Stone Wall x1 |
| 44:43 | 105er.DarkSheep · age_up imperial |
| 45:27 | Snrcrackles · wall_segment Palisade Wall x1 |
| 46:33 | 105er.DarkSheep · first_building Castle |
| 48:16 | MOPPA BA (Hons) · first_building Castle |
| 49:34 | Clink · wall_segment Palisade Wall x2 |
| 51:26 | 105er.DarkSheep · tribute_sent a jugador 1 |
| 51:26 | 105er.DarkSheep · tribute_sent a jugador 2 |
| 51:26 | 105er.DarkSheep · tribute_sent a jugador 3 |
| 51:26 | 105er.DarkSheep · tribute_sent a jugador 4 |
| 51:26 | 105er.DarkSheep · tribute_sent a jugador 6 |
| 51:41 | 105er.Buttermilch · resign |
[ AI ANALYSIS · 1 CREDIT ]
What really happened in this match?
Wolo.gg analyzes every decision: build order, eco, micro, common mistakes by bracket. Personalized analysis on WhatsApp or Discord in 30 seconds.
Civ guide
Berbers
Perfil
Jugador #939644